 Dungeon Crawl Stone Soup version 0.30-a0-629-gd54f4be4f7 (webtiles) character file.

Game seed: 7227598744573554682

65 bmack86 the Trooper (level 3, -1/34 HPs)
             Began as a Minotaur Fighter on Jan 13, 2023.
             Slain by a gnoll
             ... wielding a +0 halberd
              (3 damage)
             ... on level 3 of the Dungeon.
             The game lasted 00:05:34 (1378 turns).

bmack86 the Trooper (Minotaur Fighter)              Turns: 1378, Time: 00:05:35

Health: -1/34      AC: 11    Str: 22    XL:     3   Next: 92%
Magic:  2/2        EV:  6    Int:  5    God:
Gold:   29         SH:  9    Dex:  9    Spells: 2/2 levels left

rFire   . . .      SeeInvis .    a - +0 war axe
rCold   . . .      Faith    .    c - +0 buckler
rNeg    . . .      Spirit   .    n - +0 plate armour
rPois   .          Reflect  +    (helmet restricted)
rElec   .          Harm     .    (no cloak)
rCorr   .          Rampage  .    (no gloves)
Will    .....                    (no boots) Stlth
                                 h - amulet of reflection
HPRegen 0.25/turn                (no ring)
MPRegen 0.08/turn                (no ring)

@: no status effects
A: horns 2, retaliatory headbutt
a: no special abilities


You were on level 3 of the Dungeon.
You visited 1 branch of the dungeon, and saw 3 of its levels.

You collected 29 gold pieces.

Inventory:

Hand Weapons
 a - a +0 war axe (weapon)
Missiles
 f - 6 poisoned darts (quivered)
Armour
 c - a +0 buckler (worn)
 n - a +0 plate armour (worn)
Jewellery
 h - an amulet of reflection (around neck)
Scrolls
 l - a scroll of immolation
 m - a scroll of vulnerability
Potions
 d - 2 potions of might
 e - 2 potions of brilliance
 j - 2 potions of attraction
 k - 2 potions of curing


   Skills:
 * Level 4.4 Fighting
 * Level 3.4 Axes
 + Level 0.8 Throwing
 + Level 4.0 Armour
 + Level 4.0 Shields


You had 2 spell levels left.
You didn't know any spells.
Your spell library was empty.

Dungeon Overview and Level Annotations

Branches:
Dungeon (3/15)

Altars:


Innate Abilities, Weirdness & Mutations

You have a pair of horns on your head.
You reflexively headbutt those who attack you in melee.


Message History

You now have 29 gold pieces (gained 10).
Done exploring.
There is a stone staircase leading down here.
As you read the scroll labelled JOCUFU HACAOG, it crumbles to dust.
It is a scroll of identify.
l - a scroll of immolation
As you read the scroll of identify, it crumbles to dust.
m - a scroll of vulnerability
As you read the scroll of identify, it crumbles to dust.
e - 2 potions of brilliance
As you read the scroll of identify, it crumbles to dust.
j - 2 potions of attraction
As you read the scroll of identify, it crumbles to dust.
k - 2 potions of curing You climb downwards.
You hear the sound of rushing water.
There is an entrance to a sewer on this level.
Hurry and find it before the portal rusts away!
Found a robe.
There is a stone staircase leading up here.
A gnoll comes into view. It is wielding a +0 halberd.
A gnoll comes into view. It is wielding a +0 whip.
Found a stone staircase leading up.
The gnoll hits you from afar with a +0 halberd.
The gnoll barely misses you.
The gnoll hits you from afar with a +0 halberd!
You closely miss the gnoll. You hit the gnoll.
The gnoll hits you with a +0 halberd! The gnoll hits you with a +0 whip.
You completely miss the gnoll. You closely miss the gnoll.
The gnoll hits you with a +0 halberd!
* * * LOW HITPOINT WARNING * * *
The gnoll hits you with a +0 whip.
* * * LOW HITPOINT WARNING * * *
You slash the gnoll! Your headbutt misses the gnoll.
The gnoll is almost dead.
You barely miss the gnoll.
You hear a shout!
You block the gnoll's attack. x2
A gnoll comes into view. It is wielding a +0 spear.
The gnoll hits you with a +0 halberd.
You die...

#..........
#.#.#.#.#.#
#.#.#.#.#.#
#.#.#.#.#.# .
#.#.#...#.# ...
#.#.#.#.#.##..<.
######.#..[..........
.......<.............
######.....g@###.....
###.#.#g# ... #.###.#
. #.. ..g #####.##
#.# #.# #.#


You could see 3 gnolls.

Vanquished Creatures
  Natasha (D:2)
  A worm (D:2)
  6 bats
  2 endoplasms
  6 goblins
  4 jackals (D:2)
  2 quokkas (D:2)
  5 ball pythons
  2 frilled lizards (D:1)
  2 kobolds (D:1)
  3 rats (D:1)
34 creatures vanquished.

Notes
Turn   | Place    | Note
-------+----------+-------------------------------------------
     0 | D:1      | bmack86 the Minotaur Fighter began the quest for the Orb.
     0 | D:1      | Reached XP level 1. HP: 19/19 MP: 0/0
    83 | D:1      | Found a faded altar of an unknown god.
   152 | D:1      | Reached XP level 2. HP: 27/27 MP: 1/1
   242 | D:1      | You fall into a shaft and drop 1 floor!
   868 | D:2      | Reached XP level 3. HP: 30/33 MP: 2/2
  1195 | D:2      | Noticed Natasha
  1209 | D:2      | Killed Natasha
  1377 | D:3      | HP: 1/34 [gnoll/+0 whip (2)]
  1378 | D:3      | Slain by a gnoll

Illustrated notes

Levels and vault maps discovered:
D:1:      mrwooster_arrival_statue_2, layout_basic,
          shapermc_ecumenical_altar_venn, minmay_misc_feat_secret_circle,
          minmay_misc_feat_x
D:2:      layout_loops_ring, uniq_natasha
D:3:      layout_loops_corners, portal_sewer_entry_f, eino_curves_03

Skill      XL: |  1  2  3 |
---------------+----------+-----
Fighting       | 4 |  4.4
Axes           | 3 |  3.4
Armour         | 4 |  4.0
Shields        | 4 |  4.0
Throwing       | |  0.8

Action                   || total
-------------------------++-------
Melee: War axe           ||    76
       Headbutt          ||    10
  Use: Scroll            ||     5
Armor: Scale mail        ||     9
       Chain mail        ||    11
       Plate armour      ||     5
Dodge: Dodged            ||    32
Block: Buckler           ||    39

Table legend: (Time is in decaauts)
 A = Elapsed time spent in this place.
 B = Non-inter-level travel time spent in this place.
 C = Inter-level travel time spent in this place.
 D = Time resting spent in this place.
 E = Time spent auto-exploring this place.
 F = Levels seen in this place.
 G = Mean time per level.
                   A        B        C        D        E       F      G
               +--------+--------+--------+--------+--------+-----+--------+
         Total |   1406 |   1342 |     64 |      0 |    912 |   3 |  468.7 |
       Dungeon |   1406 |   1342 |     64 |      0 |    912 |   3 |  468.7 |
               +--------+--------+--------+--------+--------+-----+--------+

Top non-repeatable levels by time:
     D:1: 774 daAuts
     D:2: 621 daAuts
     D:3: 11 daAuts
